 Dungeon Crawl Stone Soup version 0.29.0-7-g18a832c13a (webtiles) character file.

Game seed: 10069534120639176441

18 Zeldest the Ruffian (level 2, -1/25 HPs)
             Began as a Naga Transmuter on Aug 30, 2022.
             Slain by a worm (6 damage)
             ... on level 2 of the Dungeon.
             The game lasted 00:02:04 (284 turns).

Zeldest the Ruffian (Naga Transmuter)                Turns: 284, Time: 00:02:04

Health: -1/25      AC:  2    Str: 12    XL:     2   Next: 66%
Magic:  4/5        EV:  9    Int: 13    God:
Gold:   0          SH:  0    Dex: 11    Spells: 2/5 levels left

rFire   . . .      SeeInvis +     - Unarmed
rCold   . . .      Faith    .   (no shield)
rNeg    . . .      Spirit   .   a - +0 robe
rPois   +          Reflect  .   (helmet currently unavailable)
rElec   .          Harm     .   e - +0 cloak
rCorr   .          Rampage  .   (no gloves)
Will    .....                   (no barding)
Stlth   +.........              (no amulet)
HPRegen 0.08/turn               (no ring)
MPRegen 0.09/turn               (no ring)

@: appendages (expiring), very slow
A: horns 2, AC +0, large, see invisible, deformed body, poison resistance,
slowness 2, spit poison 1, naga tail 1
a: Spit Poison, End Transformation


You were on level 2 of the Dungeon.
You had temporarily grown beastly horns.
You visited 1 branch of the dungeon, and saw 2 of its levels.

Inventory:

Armour
 a - a +0 robe (worn)
 e - a +0 cloak (worn)
Scrolls
 c - a scroll of torment {unknown}
 g - a scroll of poison {unknown}
Potions
 b - a potion of lignification
 d - a potion of curing {unknown}
 f - a potion of attraction {unknown}


   Skills:
 + Level 1.4 Fighting
 - Level 1.5 Dodging
 + Level 3.2 Unarmed Combat
 - Level 2.0 Spellcasting
 + Level 2.3 Transmutations
 + Level 0.9 Ice Magic


You had 2 spell levels left.
You knew the following spells:

 Your Spells              Type           Power      Damage    Failure   Level
a - Beastly Appendage     Tmut           14%        N/A       10%         1
b - Wereblood             Tmut           7%         N/A       16%         2

Your spell library contained the following spells:

 Spells                   Type           Power      Damage    Failure   Level
 Spider Form              Tmut/Pois      4%         N/A       43%         3
 Ozocubu's Armour         Ice            3%         N/A       47%         3
 Ice Form                 Ice/Tmut       5%         N/A       78%         4
 Ozocubu's Refrigeration  Ice            1%         4d7       100%        7


Dungeon Overview and Level Annotations

Branches:
Dungeon (2/15)

Altars:


Innate Abilities, Weirdness & Mutations

You have temporarily grown beastly horns.
Your serpentine skin is tough. (AC +0)
You have supernaturally acute eyesight. (SInv)
Armour fits poorly on your strangely shaped body.
Your system is resistant to poisons. (rPois)
You cover ground very slowly.
You can spit poison.
You have a snake-like lower body.


Message History

a +0 short sword; 4 stones; a kobold corpse The goblin unwields a +0 sling.
The goblin wields a +0 dagger.
The goblin barely misses you.
You hit the goblin.
You headbutt the goblin, but do no damage.
The goblin is heavily wounded.
The goblin hits you with a +0 dagger.
You hit the goblin.
You kill the goblin!
Your horns disappear.
You have got your breath back.
Things that are here:
a +0 dagger; a +0 sling; a goblin corpse A worm comes into view.
An orc comes into view. It is wielding a +0 dagger of venom.
The orc shouts!
Aiming: Spit Poison (2% risk of failure)
Press: ? - help, Q - select action, (/) - cycle Shift-Dir - straight line, f - orc
Aim: an orc, wielding a +0 dagger of venom (59% to hit)
The splash of poison hits the orc.
The orc is poisoned.
The orc is severely wounded.
You kill the orc!
Casting: Beastly Appendage (safe; 10% risk of failure)
Confirm with . or Enter, or press ? or * to list all spells.
You grow a pair of large bovine horns.
You barely miss the worm. You headbutt the worm.
The worm is moderately wounded.
You have got your breath back.
You hit the worm.
You headbutt the worm, but do no damage.
The worm is severely wounded.
The worm bites you!
* * * LOW HITPOINT WARNING * * *
You hit the worm but do no damage. You headbutt the worm.
The worm is severely wounded.
Your transformation is almost over.
You hit the worm. Your headbutt misses the worm.
The worm is almost dead.
The worm bites you.
You die...

#.# ####.####.#
#.#######w# #
..........#
########..# #..#
#..####.. #
#........
#.#######........
#.....@w..#.###..
#.######....# . #
..#......
##....##..
#.#...# #
.###.... # ....#
#..#


You could see a worm.

Vanquished Creatures
  An orc (D:2)
  3 bats (D:1)
  An endoplasm (D:1)
  A giant cockroach (D:1)
  3 goblins
  A hobgoblin (D:1)
  A ball python (D:1)
  A frilled lizard (D:1)
  A kobold (D:2)
  2 rats (D:1)
15 creatures vanquished.

Notes
Turn   | Place    | Note
-------+----------+-------------------------------------------
     0 | D:1      | Zeldest the Naga Transmuter began the quest for the Orb.
     0 | D:1      | Reached XP level 1. HP: 18/18 MP: 3/3
   130 | D:1      | Reached XP level 2. HP: 22/25 MP: 5/5
   133 | D:1      | Learned a level 2 spell: Wereblood
   284 | D:2      | Slain by a worm

Illustrated notes

Levels and vault maps discovered:
D:1:      lemuel_arrival_room, layout_basic, minivault_4
D:2:      layout_loops_ring

Action                   || total
-------------------------++-------
Melee: Unarmed           ||    35
       Headbutt          ||     9
       Punch             ||     2
 Cast: Beastly Appendage ||     6
       Wereblood         ||     1
 Abil: Spit Poison       ||     8
Armor: Robe              ||     9
Dodge: Dodged            ||    20
